Map: Equilibrium LE

Players

demzi - Winner!

  • Race: Zerg Zerg
  • League: Silver
  • Spawn Location: 1:00

ferk

  • Race: Protoss Protoss
  • League: Silver
  • Spawn Location: 11:00

VOD

Have the link to the VOD?

Description

Time

  • Played on: March 21, 2024, 9:56 a.m.
  • Length: 9:16
Show
View Real Time Build Order
Export as new Build Order

demzi Zerg - Winner!

Build Orders: Hatch First 

Get SALT Encoding   

  12  0:00  Drone  
  13  0:12  Overlord  
  13  0:17  Drone  
  14  0:31  Drone x2  
  16  0:49  Hatchery  
  15  0:59  Drone x3  
  18  1:05  Extractor  
  17  1:18  Spawning Pool  
  16  1:21  Drone  
  16  1:24  Drone  
  18  1:31  Drone  
  19  1:42  Drone  
  20  1:52  Overlord  
  20  2:05  Queen x2  
  20  2:07  Zergling x4  
  26  2:16  Drone x2  
  28  2:23  Drone  
  28  2:25  Drone  
  30  2:37  Drone x2  
  30  2:42  Queen  
  34  2:45  Lair  
  34  2:46  Drone  
  34  2:48  Drone  
  35  3:07  Hatchery  
  35  3:09  Drone  
  35  3:11  Overlord x2  
  35  3:24  Overlord x2  
  35  3:29  Queen  
  35  3:31  Drone x4  
  41  3:56  Drone  
  41  3:57  Drone x2  
  41  3:58  Drone  
  41  4:00  Extractor, Drone  
  41  4:01  Drone  
  46  4:06  Extractor, Drone x3  
  46  4:07  Drone x3, Extractor  
  50  4:18  Overlord x2  
  50  4:41  Drone x2  
  50  4:42  Drone, Evolution Chamber  
  50  4:43  Roach Warren, Evolution Chamber  
  50  4:45  Drone x6  
  56  4:46  Overlord  
  56  4:58  Zergling x2  
  56  4:59  Zergling x8  
  60  5:08  Zerg Missile Weapons Level 1, Zerg Ground Armor Level 1  
  60  5:11  Overlord x2  
  60  5:16  Drone x7  
  60  5:20  Extractor  
  66  5:22  Extractor  
  65  5:36  Overlord  
  65  5:37  Overlord x2  
  65  5:38  Glial Reconstitution  
  65  5:42  Roach, Hydralisk Den  
  75  5:43  Roach x5  
  76  5:55  Drone x3  
  76  5:56  Drone x3  
  76  5:57  Drone x2  
  83  6:01  Roach  
  86  6:07  Drone x4  
  86  6:08  Drone  
  91  6:12  Roach x6  
  103  6:32  Roach x4  
  106  6:37  Roach  
  106  6:38  Roach x9  
  126  7:01  Overlord x5  
  126  7:02  Overlord  
  126  7:10  Muscular Augments  
  126  7:12  Hatchery  
  126  7:13  Overlord  
  126  7:14  Overlord  
  125  7:34  Roach  
  125  7:35  Roach x9  
  129  7:59  Roach  
  129  8:00  Roach x11  
  153  8:07  Roach x2  
  153  8:09  Ravager x2  
  153  8:10  Ravager x4  
  163  8:19  Drone x3  
  166  8:20  Drone x3  
  166  8:23  Overlord x2  
  166  8:24  Overlord  
  145  8:47  Roach x3  
  145  8:48  Roach x16  
  175  8:56  Extractor x2  
Show
View Real Time Build Order
Export as new Build Order

ferk Protoss 

Build Orders:  

Get SALT Encoding   

  12  0:00  Probe  
  13  0:12  Probe  
  14  0:18  Pylon  
  14  0:24  Probe  
  15  0:37  Gateway  
  15  0:40  Probe (Chrono Boost)  
  16  0:48  Probe (Chrono Boost)  
  16  0:49  Assimilator  
  17  0:54  Probe  
  18  1:02  Assimilator  
  18  1:06  Probe  
  18  1:09  Pylon  
  19  1:18  Probe  
  19  1:24  Cybernetics Core  
  20  1:30  Probe  
  21  1:44  Probe  
  22  1:54  Warp Gate (Chrono Boost)  
  22  1:56  Nexus  
  22  2:04  Probe  
  22  2:06  Sentry  
  25  2:17  Probe  
  25  2:18  Pylon  
  26  2:29  Probe  
  27  2:31  Robotics Facility  
  27  2:40  Shield Battery  
  27  2:41  Probe  
  28  2:53  Probe  
  28  2:56  Gateway  
  29  3:01  Stalker  
  31  3:11  Probe  
  31  3:12  Probe  
  33  3:18  Observer  
  34  3:26  Probe (Chrono Boost)  
  36  3:28  Probe (Chrono Boost)  
  36  3:29  Gateway  
  36  3:36  Probe (Chrono Boost)  
  36  3:38  Probe (Chrono Boost)  
  36  3:41  Probe (Chrono Boost)  
  39  3:52  Stalker  
  39  3:53  Stalker  
  39  3:54  Probe x2  
  45  4:04  Pylon  
  45  4:06  Probe  
  45  4:07  Probe  
  45  4:08  Pylon  
  47  4:13  Immortal  
  51  4:18  Probe  
  51  4:19  Assimilator, Probe  
  53  4:27  Stalker  
  53  4:31  Probe x2  
  56  4:37  Pylon  
  57  4:42  Twilight Council  
  57  4:45  Forge  
  57  4:54  Nexus  
  57  5:03  Probe  
  57  5:04  Pylon, Probe  
  57  5:07  Pylon  
  59  5:12  Assimilator  
  59  5:15  Probe  
  59  5:19  Robotics Bay  
  59  5:21  Probe  
  61  5:23  Stalker  
  61  5:28  Probe  
  64  5:30  Blink (Chrono Boost)  
  64  5:33  Protoss Ground Weapons Level 1 (Chrono Boost), Stalker x2  
  68  5:49  Gateway  
  68  5:51  Pylon  
  68  5:52  Photon Cannon  
  68  5:54  Probe  
  69  6:04  Stalker x2  
  69  6:10  Shield Battery  
  73  6:13  Probe x3  
  76  6:25  Probe x2  
  78  6:29  Stalker x3  
  84  6:34  Colossus (Chrono Boost)  
  84  6:38  Probe x3  
  93  6:48  Robotics Facility  
  93  6:49  Unknown  
  93  6:50  Probe x2  
  95  7:01  Stalker  
  95  7:02  Stalker  
  99  7:09  Extended Thermal Lance (Chrono Boost)  
  99  7:19  Immortal (Chrono Boost)  
  103  7:23  Forge  
  103  7:33  Gateway  
  103  7:35  Gateway  
  87  7:41  Gateway  
  85  7:45  Gateway  
  85  7:46  Stalker x4  
  91  8:07  Nexus  
  91  8:09  Pylon  
  91  8:11  Pylon  
  91  8:14  Pylon  
  91  8:18  Pylon  
  91  8:28  Pylon  
  91  8:29  Immortal  
  91  8:31  Pylon  
  77  8:41  Nexus, Pylon  
  70  8:59  Stalker  
  70  9:00  Stalker x3  
Tags
 
Matchup
PvZ
Replay Pack
Multiplayer
Spawn Locations
Close Positions
Add a new tag
Caveats
  • Supply blocks, unpowered buildings, or Contaminate may cause inaccurate times.
  • Supply counts are checked every 10 seconds.